 Dungeon Crawl Stone Soup version 0.21.0 (webtiles) character file.

2719 GordonOverkill the Slicer (level 9, -2/59 HPs)
             Began as a Vampire Assassin on Jan 7, 2018.
             Was an Initiate of Hepliaklqana.
             Slain by a killer bee (8 damage)
             ... on level 8 of the Dungeon.
             The game lasted 00:18:41 (8469 turns).

GordonOverkill the Slicer (Vampire Assassin)        Turns: 8469, Time: 00:18:42

Health: -2/59      AC: 12    Str: 13    XL:     9   Next: 39%
Magic:  12/12      EV: 10    Int: 13    God:    Hepliaklqana [......]
Gold:   427        SH:  5    Dex: 16    Spells: 8/8 levels left

rFire    . . .     SeeInvis +   a - +4 dagger (speed)
rCold    . . .     Gourm    .   x - +0 buckler
rNeg     . . .     Faith    .   i - +0 scale mail
rPois    .         Spirit   .   k - +1 helmet
rElec    .         Reflect  .   d - +0 cloak
rCorr    +         Harm     .   (no gloves)
MR       .....                  h - +2 pair of boots
Stlth    ++........             (no amulet)
HPRegen  0.39/turn              D - ring of resist corrosion
MPRegen  0.13/turn              A - ring of wizardry

@: lethally poisoned (-2 -> -4), about to teleport, regenerating quickly
A: reduced essence, fangs 3, see invisible, unbreathing
a: Recall Ancestor, Ancestor Identity, Renounce Religion


You were on level 8 of the Dungeon.
You worshipped Hepliaklqana.
Hepliaklqana was noncommittal.
You were almost alive.

You visited 2 branches of the dungeon, and saw 9 of its levels.
You also visited: Ossuary.

You collected 427 gold pieces.

Inventory:

Hand Weapons
 a - a +4 dagger of speed (weapon)
 b - a +0 blowgun
 u - a +0 scimitar
 y - the +0 rapier of Kismet {flame, +Fly rC+ rN+ Str+2}
   (You found it on level 5 of the Dungeon)

   It has been specially enchanted to burn those struck by it, causing extra
   injury to most foes and up to half again as much damage against particularly
   susceptible opponents.
   It affects your strength (+2).
   It protects you from cold.
   It protects you from negative energy.
   It lets you fly.
Missiles
 e - 48 poisoned needles
 f - 2 curare-tipped needles
 j - a throwing net (quivered)
 z - 5 needles of sleeping
Armour
 d - a +0 cloak (worn)
 h - a +2 pair of boots (worn)
 i - a +0 scale mail (worn)
 k - a +1 helmet (worn)
 l - a +0 plate armour
 t - a +0 chain mail
 x - a +0 buckler (worn)
Jewellery
 r - an uncursed ring of magical power
 A - a ring of wizardry (right hand)
 D - a ring of resist corrosion (left hand)
Wands
 B - a wand of paralysis (6)
 H - a wand of polymorph (8)
Scrolls
 g - 2 scrolls of amnesia
 n - 5 scrolls of remove curse
 o - 3 scrolls of teleportation
 v - 2 scrolls of blinking
 I - 2 scrolls of enchant weapon
Potions
 m - 4 potions of curing
 p - a potion of invisibility
 q - 13 potions of blood
 s - 2 potions of flight
 w - 2 potions of berserk rage
 E - 2 potions of haste
 F - 2 potions of agility {unknown}
 J - a potion of ambrosia
 K - a potion of cancellation
 L - 2 potions of magic {unknown}
 M - a potion of degeneration {unknown}
 N - a potion of lignification
Books
 c - a book of Callings

   Spells                             Type                      Level
   a - Summon Small Mammal            Summoning                    1
   b - Call Imp                       Summoning                    2
   c - Call Canine Familiar           Summoning                    3
   d - Summon Guardian Golem          Hexes/Summoning              3
   e - Summon Lightning Spire         Summoning/Air                4
   f - Summon Ice Beast               Ice/Summoning                4
 G - a book of Changes

   Spells                             Type                      Level
   a - Beastly Appendage              Transmutation                1
   b - Sticks to Snakes               Transmutation                2
   c - Spider Form                    Transmutation/Poison         3
   d - Ice Form                       Ice/Transmutation            4
   e - Blade Hands                    Transmutation                5


   Skills:
 + Level 4.3 Fighting
 - Level 10.0 Short Blades
 - Level 1.5 Throwing
 + Level 1.2 Armour
 + Level 2.8 Dodging
 - Level 6.0 Stealth
 - Level 4.1 Shields
 - Level 5.0 Invocations


You had 8 spell levels left.
You didn't know any spells.

Dungeon Overview and Level Annotations

Branches:
Dungeon (8/15)             Temple (1/1) D:6
   Lair: D:8-11

Altars:
Ashenzari
Cheibriados
Dithmenos
Elyvilon
Fedhas
Gozag
Hepliaklqana
Kikubaaqudgha
Makhleb
Nemelex Xobeh
Okawaru
Qazlal
Ru
Sif Muna
Trog
Uskayaw
Vehumet
Wu Jian
Xom
Yredelemnul
The Shining One

Shops:
D:4 %[:[

Annotations:
D:3 rabbit's ghost, amateur GrHu
D:5 2 transporters
D:8 Pikel


Innate Abilities, Weirdness & Mutations

Your natural rate of healing is unusually fast.
You have razor-sharp teeth.
You have supernaturally acute eyesight. (SInv)
You can survive without breathing.
Your life essence is reduced to manifest your ancestor. (-10% HP)


Message History

The killer bee poisons you!
You hear an angry buzzing noise.
You feel sick.
The killer bee misses Cat without Hat.
The killer bee rages.
The killer bee closely misses you.
The killer bee barely misses Cat without Hat.
The killer bee misses you. You block the killer bee's attack.
The killer bee barely misses you. The killer bee stings you.
* * * LOW HITPOINT WARNING * * *
The killer bee completely misses you.
You feel better.
The killer bee closely misses Cat without Hat.
The killer bee barely misses you.
The killer bee stings you but does no damage.
The killer bee closely misses you.
The killer bee stings Cat without Hat!
The killer bee stings you!
* * * LOW HITPOINT WARNING * * *
You are poisoned.
The killer bee poisons you! The killer bee stings you!
You die...

#........# #......# #.
#........# #......# .
.........######......#
.#######.....#..#+#+##
+.....#.#
#.....#.##.#.
#%...........
#.y..[####... #@yRy##
##y.#.# #.###.# ...#
#y# .....# #y#
......O# #y# ........
#.# ........ ##
.......


You could see the friendly Cat without Hat the ancestor, an ogre and 4 killer
bees.

Vanquished Creatures
  A hippogriff (D:7)
  A sky beast (D:6)
  3 slaves (D:8)
  3 orc warriors
  A phantom (D:6)
  2 ogres
  A wyvern zombie (D:7)
  A gnoll sergeant (D:5)
  A bullfrog (D:7)
  A scorpion (D:5)
  A killer bee (D:8)
  3 crimson imps
  2 centaur zombies
  2 bullfrog zombies (Ossuary)
  5 hounds
  An orc priest (D:6)
  An iguana (D:6)
  3 orc wizards
  A bullfrog skeleton (D:5)
  6 worker ants
  3 hound zombies (Ossuary)
  A hound skeleton (D:8)
  6 mummies (Ossuary)
  6 adders
  14 gnolls
  A shadow imp (D:6)
  An ooze (D:1)
  An adder skeleton (D:4)
  3 adder zombies
  5 worms
  4 dart slugs
  A leopard gecko (D:4)
  17 orcs
  5 giant cockroaches
  5 goblins
  6 hobgoblins
  10 jackals
  9 kobolds
  7 quokkas
  A ball python (D:3)
  8 bats
  3 frilled lizards
  A jackal zombie (D:6)
  2 leopard gecko zombies (Ossuary)
  2 quokka zombies (Ossuary)
  3 rats
165 creatures vanquished.

Vanquished Creatures (collateral kills)
  Menkaure (D:7)
  A sky beast (D:7)
  2 bullfrog zombies
  A hound (D:8)
  An orc wizard (D:8)
  A centaur skeleton (D:7)
  4 mummies (Ossuary)
  An orc (D:8)
  A jackal (D:7)
  A quokka (D:7)
  A jackal zombie (Ossuary)
15 creatures vanquished.

Vanquished Creatures (others)
  A withered plant (Ossuary)
1 creature vanquished.

Grand Total: 181 creatures vanquished

Notes
Turn   | Place    | Note
-------+----------+-------------------------------------------
     0 | D:1      | GordonOverkill the Vampire Assassin began the quest for the Orb.
     0 | D:1      | Reached XP level 1. HP: 16/16 MP: 1/1
   620 | D:1      | Reached XP level 2. HP: 16/22 MP: 2/2
  1650 | D:2      | Reached skill level 3 in Short Blades
  1783 | D:2      | Reached XP level 3. HP: 23/27 MP: 3/3
  2535 | D:3      | Noticed rabbit's ghost (amateur GrHu)
  2680 | D:3      | Reached XP level 4. HP: 33/34 MP: 4/4
  2857 | D:3      | Reached skill level 4 in Short Blades
  3238 | D:4      | Reached XP level 5. HP: 24/40 MP: 5/5
  3459 | D:4      | Found Giablep's Antique Armour Shoppe.
  3542 | D:4      | Found Pueh's Antique Armour Shoppe.
  3550 | D:4      | Found Nuthutij's Book Emporium.
  3567 | D:4      | Reached skill level 5 in Short Blades
  3789 | D:4      | Found Igull's Food Emporium.
  4086 | D:4      | Found a shattered altar of Ashenzari.
  4361 | D:4      | Noticed an ogre
  4404 | D:4      | Killed an ogre
  4404 | D:4      | Reached skill level 6 in Short Blades
  4404 | D:4      | Reached XP level 6. HP: 31/47 MP: 6/6
  4660 | D:5      | Entered Level 5 of the Dungeon
  4703 | D:5      | Noticed an orc warrior
  4728 | D:5      | Killed an orc warrior
  4962 | D:5      | Found a transporter.
  4981 | D:5      | Found a transporter.
  5109 | D:5      | Reached XP level 7. HP: 46/54 MP: 7/7
  5155 | D:5      | Reached skill level 7 in Short Blades
  5379 | D:5      | Got a bloodstained rapier
  5384 | D:5      | Identified the cursed +0 rapier of Kismet {flame, +Fly rC+ rN+ Str+2} (You found it on level 5 of the Dungeon)
  5637 | D:6      | Reached skill level 1 in Shields
  5728 | D:5      | Reached skill level 8 in Short Blades
  5900 | D:6      | Reached XP level 8. HP: 60/60 MP: 8/8
  6370 | D:6      | Reached skill level 9 in Short Blades
  6820 | D:6      | Found a staircase to the Ecumenical Temple.
  6825 | Temple   | Entered the Ecumenical Temple
  7036 | Temple   | Became a worshipper of Hepliaklqana the Forgotten
  7221 | D:7      | Reached skill level 1 in Invocations
  7248 | D:7      | Noticed a hippogriff
  7262 | D:7      | Killed a hippogriff
  7262 | D:7      | Reached skill level 10 in Short Blades
  7462 | D:7      | Found a sand-covered staircase.
  7466 | Ossuary  | Entered an ossuary
  7483 | Ossuary  | Reached XP level 9. HP: 58/58 MP: 11/11
  8249 | D:7      | Noticed Menkaure
  8264 | D:7      | Killed Menkaure
  8264 | D:7      | Reached skill level 5 in Invocations
  8352 | D:8      | Reached skill level 1 in Armour
  8427 | D:8      | Noticed Pikel
  8445 | D:8      | Noticed a queen bee
  8469 | D:8      | Slain by a killer bee

Skill      XL: |  1  2  3  4  5  6  7  8  9 |
---------------+----------------------------+-----
Stealth        | 6 |  6.0
Fighting       | 2 3 4 |  4.3
Short Blades   | 3 4 6 8 10 | 10.0
Dodging        | 2 |  2.8
Shields        | 3 4 |  4.1
Invocations    | 3 5 |  5.0
Armour         | 1 |  1.2
Throwing       | |  1.5

Action                   |  1- 3 |  4- 6 |  7- 9 || total
-------------------------+-------+-------+-------++-------
Melee: Dagger            |   155 |   275 |   646 ||  1076
       Bite              |    17 |    36 |    81 ||   134
 Fire: Blowgun           |    10 |     8 |    16 ||    34
Throw: Throwing net      |       |       |     1 ||     1
Invok: Ancestor Identity |       |       |     1 ||     1
  Use: Scroll            |     2 |     3 |    14 ||    19
       Potion            |    14 |    13 |    20 ||    47
 Stab: Sleeping          |     3 |     3 |     3 ||     9
       Distracted        |     1 |       |     1 ||     2
       Held in net/web   |       |       |     1 ||     1
Armor: Robe              |    13 |       |       ||    13
       Ring mail         |    45 |    70 |       ||   115
       Scale mail        |       |    41 |   121 ||   162
Dodge: Dodged            |    88 |   138 |   111 ||   337
Block: Buckler           |       |       |    38 ||    38
